 Dungeon Crawl Stone Soup version 0.24.0-1-gfbc8707 (webtiles) character file.

Game seed: 9941192202691147178, levelgen mode: deterministic

847 BrocoLee the Firebug (level 8, -2/46 HPs)
             Began as an Octopode Fire Elementalist on Oct 29, 2019.
             Slain by a bullfrog skeleton (4 damage)
             ... on level 6 of the Dungeon.
             The game lasted 00:19:47 (4744 turns).

BrocoLee the Firebug (Octopode Fire Elementalist)   Turns: 4744, Time: 00:19:47

Health: -2/46      AC:  1    Str: 12    XL:     8   Next: 1%
Magic:  2/13       EV: 14    Int: 19    God:
Gold:   241        SH:  0    Dex: 12    Spells: 3/14 levels left

rFire    . . .     SeeInvis .   a - +2 hand axe (venom)
rCold    + . .     Gourm    .   (no shield)
rNeg     . . .     Faith    .   (helmet restricted)
rPois    +         Spirit   .   (no amulet)
rElec    .         Reflect  .   u - ring of Cuizyi {rPois rC+ Str+4}
rCorr    .         Harm     .   (no ring)
MR       .....                  (no ring)
Stlth    ++++......             (no ring)
HPRegen  0.15/turn              (no ring)
MPRegen  0.13/turn              (no ring)
                                (no ring)
                                (no ring)

@: very slightly contaminated
A: almost no armour, stealthy swim, amphibious, 8 rings, constrict 8, camouflage
1, gelatinous body 1
a: no special abilities


You were on level 6 of the Dungeon.
You were not hungry.

You visited 2 branches of the dungeon, and saw 6 of its levels.
You also visited: Ossuary.

You collected 241 gold pieces.

Inventory:

Hand Weapons
 a - a +2 hand axe of venom (weapon)
   (You found it on level 1 of the Dungeon)
Missiles
 o - 7 curare-tipped darts (quivered)
Jewellery
 u - the ring of Cuizyi (left tentacle) {rPois rC+ Str+4}
   (You acquired it on level 6 of the Dungeon)

   [ring of protection from cold]

   It affects your strength (+4).
   It protects you from cold.
   It protects you from poison.
Wands
 l - a wand of iceblast (7)
   (You found it in an ossuary)
 n - a wand of random effects (25)
   (You found it in an ossuary)
 v - a wand of acid (5)
   (You found it on level 6 of the Dungeon)
Scrolls
 c - a scroll of magic mapping {!r}
 f - 4 scrolls of remove curse
 g - a scroll of fear {unknown}
 j - 2 scrolls of enchant weapon
Potions
 d - 2 potions of cancellation
 e - 3 potions of heal wounds {unknown}
 h - 2 potions of haste {unknown}
 i - a potion of brilliance {unknown}
 k - a potion of invisibility {unknown}
 m - 2 potions of curing
 p - a potion of flight {unknown}
 q - a potion of might {unknown}
 r - a potion of lignification {unknown}
 s - 2 potions of degeneration {unknown}
Comestibles
 b - 7 rations
 t - 2 chunks of flesh {@w0}


   Skills:
 + Level 3.7 Dodging
 + Level 5.4 Stealth
 + Level 3.5 Spellcasting
 * Level 4.5 Conjurations
 * Level 5.5 Fire Magic


You had 3 spell levels left.
You knew the following spells:

 Your Spells              Type           Power        Failure   Level  Hunger
a - Flame Tongue          Conj/Fire      ###..        1%          1    None
b - Conjure Flame         Conj/Fire      ###.....     5%          3    ###....
c - Dazzling Spray        Conj/Hex       ##....       17%         3    ###....
d - Sticky Flame          Conj/Fire      ###.....     19%         4    ####...

Your spell library contained the following spells:

 Spells                   Type           Power        Failure   Level  Hunger
 Magic Dart               Conj           ###.         2%          1    None
 Throw Flame              Conj/Fire      ###...       2%          2    ##.....
 Searing Ray              Conj           ###...       3%          2    ##.....
 Inner Flame              Hex/Fire       ##......     14%         3    ###....
 Iskenderun's Mystic Bla  Conj           ###.....     22%         4    ####...
 Fireball                 Conj/Fire      ###.......   45%         5    ######.
 Force Lance              Conj/Tloc      ##......     50%         4    ####...
 Fulminant Prism          Conj/Hex       ##........   50%         4    ####...


Dungeon Overview and Level Annotations

Branches:
Dungeon (6/15)             Temple (1/1) D:5         Ossuary (visited)

Altars:
Cheibriados
Elyvilon
Fedhas
Gozag
Kikubaaqudgha
Nemelex Xobeh
Okawaru
Qazlal
Ru
Uskayaw
Xom
Yredelemnul
Zin
The Shining One

Annotations:
D:3 Terence
D:5 Edmund


Innate Abilities, Weirdness & Mutations

You cannot wear most types of armour.
You are very stealthy in the water. (Stealth+)
You are amphibious.
You can wear up to eight rings at the same time.
You can use your tentacles to constrict eight enemies at once.
Your skin changes colour to match your surroundings (Stealth+).
Your rubbery body absorbs attacks. (AC +1, EV +1)


Message History

The flame tongue misses the worker ant.
The worker ant bites you.
You take 6 damage, and have 32/41 hp.
You now have 8/12 mp.
Aim: a worker ant (heavily wounded)
The flame tongue hits the worker ant.
The worker ant bites you but does no damage.
You now have 7/12 mp.
You hit the worker ant. Your grab misses the worker ant.
You squeeze the worker ant.
You kill the worker ant!
You have reached level 8!
You regained 4 hp, and now have 37/46 hp.
There is an open door here.
You start resting.
Your magical contamination has completely faded away.
You start resting.
Health restored: 46; MP restored: 13
There is an open door here.
You open the door.
Found a runed leather armour.
There is an open door here.
You see here a rapier.
You see here 11 arrows.
v - a wand of acid (5)
You see here 11 arrows.
You see here a rapier.
There is an open door here.
Things that are here:
a cursed -2 club; an orc corpse
There is an open door here.
Eating one of 3 chunks of flesh {@w0}.
You eat one of the 3 chunks of flesh {@w0}.
There is a stone staircase leading down here.
The phantom is too close now for your liking.
Aim: a phantom (hasn't noticed you)
The flame tongue hits the phantom but does no damage.
You now have 12/13 mp.
Aim: a phantom The flame tongue hits the phantom.
The phantom hits you.
The phantom blinks!
You take 6 damage, and have 40/46 hp.
You now have 11/13 mp.
Unknown command.
Aim: a phantom (lightly damaged)
The flame tongue hits the phantom.
You now have 10/13 mp.
Aim: a phantom (lightly damaged)
The flame tongue hits the phantom.
You now have 9/13 mp.
Aim: a phantom (moderately damaged)
The flame tongue hits the phantom.
You now have 8/13 mp.
You hit the phantom. The phantom hits you. The phantom hits you!
The phantom blinks!
You take 12 damage, and have 29/46 hp.
MASSIVE DAMAGE!!
You don't know that spell.
You don't know that spell.
Unknown command.
Aim: a phantom (moderately damaged)
The spray of energy misses the phantom.
You now have 6/13 mp.
Aim: a phantom (moderately damaged)
The spray of energy hits the phantom.
You now have 3/13 mp.
Aim: a phantom (moderately damaged)
The spray of energy hits the phantom.
The phantom hits you.
You take 3 damage, and have 26/46 hp.
You now have 0/13 mp.
You slash the phantom!
The phantom blinks!
The phantom blinks!
The phantom blinks!
The phantom blinks!
The phantom hits you!
You take 9 damage, and have 18/46 hp.
You closely miss the phantom. Your squeeze misses the phantom.
The phantom hits you!
* * * LOW HITPOINT WARNING * * *
The phantom blinks!
You take 8 damage, and have 10/46 hp.
There is a stone staircase leading down here.
You don't have enough magic to cast that spell.
Aim: a phantom (severely damaged)
You miscast Flame Tongue.
You are very lightly contaminated with residual magic.
Strange energies run through your body.
You now have 1/13 mp.
Unknown command.
The phantom blinks!
You completely miss the bullfrog skeleton.
You grab the bullfrog skeleton. You constrict the bullfrog skeleton.
The bullfrog skeleton hits you.
* * * LOW HITPOINT WARNING * * *
You take 6 damage, and have 5/46 hp.
You hit the bullfrog skeleton. You constrict the bullfrog skeleton.
The bullfrog skeleton barely misses you.
The bullfrog skeleton hits you.
* * * LOW HITPOINT WARNING * * *
You take 3 damage, and have 2/46 hp.
You hit the bullfrog skeleton but do no damage.
You constrict the bullfrog skeleton.
The bullfrog skeleton barely misses you.
The bullfrog skeleton hits you.
You die...

#.##########.##.#.### # #.......#
#.##.....# #. ###.......#
#......#.# #..
#.........####.####....
##...######.#..#....#............
............#..#....#...>.####...
................>................
............####ZW#..#########+##
##...######.#...@.##.##......#.#.
#... #.......#..#..#...##.#( #...
###.#####..#####.##..#) #..
#>#####..'...#'#...#. ...
#........##........#'
#######..###........#
#..#.#......... #..#.'#...#....
#..#.#.........


You could see a phantom and a bullfrog skeleton.

Vanquished Creatures
  An ice beast (D:6)
  A bullfrog (D:6)
  3 wights (Ossuary)
  A bullfrog zombie (D:6)
  2 crimson imps
  A jelly (D:5)
  3 orc wizards (D:5)
  An orc priest (D:5)
  2 iguanas
  5 worker ants
  A worker ant zombie (D:5)
  A gnoll (D:1)
  3 adders
  An adder zombie (D:5)
  5 dart slugs
  8 orcs
  A ball python (D:3)
  7 bats
  5 giant cockroaches
  8 goblins
  6 hobgoblins
  A quokka (D:6)
  2 ball python skeletons (Ossuary)
  7 frilled lizards
  2 hobgoblin zombies (Ossuary)
  10 kobolds
  4 kobold zombies
  2 leopard gecko skeletons (D:6)
  An orc zombie (Ossuary)
  13 rats
  A spectral orc (D:2)
109 creatures vanquished.

Notes
Turn   | Place    | Note
-------+----------+-------------------------------------------
     0 | D:1      | BrocoLee the Octopode Fire Elementalist began the quest for
                  | the Orb.
     0 | D:1      | Reached XP level 1. HP: 11/11 MP: 3/3
    89 | D:1      | Reached XP level 2. HP: 10/17 MP: 1/5
   372 | D:1      | Reached skill level 3 in Stealth
   433 | D:1      | Reached XP level 3. HP: 17/21 MP: 6/6
   438 | D:1      | Learned a level 3 spell: Conjure Flame
  1059 | D:2      | Reached skill level 2 in Conjurations
  1059 | D:2      | Reached XP level 4. HP: 16/27 MP: 1/7
  1450 | D:2      | Found a shimmering altar of Xom.
  1530 | D:2      | Found a basalt altar of Yredelemnul.
  1613 | D:3      | Noticed Terence
  1692 | D:2      | Learned a level 3 spell: Dazzling Spray
  2100 | D:3      | HP: 6/27 [poisoned by an adder]
  2108 | D:3      | HP: 5/27 [poisoned by an adder]
  2568 | D:3      | You fall into a shaft and drop 2 floors!
  2568 | D:5      | Entered Level 5 of the Dungeon
  2573 | D:5      | Found a staircase to the Ecumenical Temple.
  2577 | D:5      | Reached skill level 4 in Fire Magic
  2577 | D:5      | Reached XP level 5. HP: 28/31 MP: 4/8
  2585 | Temple   | Entered the Ecumenical Temple
  2725 | D:5      | Reached skill level 4 in Stealth
  2726 | D:5      | HP: 1/31 [orc priest/nerve-wracking pain (8)]
  2729 | D:5      | Reached XP level 6. HP: 1/36 MP: 6/10
  2908 | D:5      | Found a sand-covered staircase.
  2918 | Ossuary  | Entered an ossuary
  3023 | Ossuary  | Reached skill level 3 in Conjurations
  3038 | Ossuary  | Reached skill level 3 in Dodging
  3149 | Ossuary  | Noticed a wraith
  3149 | Ossuary  | Noticed a flying skull
  3180 | Ossuary  | Noticed a flying skull
  3356 | Ossuary  | Noticed a flying skull
  3360 | Ossuary  | Noticed a wraith
  3377 | Ossuary  | Noticed a wraith
  3449 | D:5      | Reached skill level 3 in Spellcasting
  3456 | D:5      | Found an opulent altar of Gozag.
  3571 | D:5      | Reached XP level 7. HP: 41/41 MP: 9/11
  3644 | D:5      | Found a blossoming altar of Fedhas.
  3687 | D:5      | Found a sparkling altar of Nemelex Xobeh.
  3735 | D:5      | Reached skill level 5 in Fire Magic
  3805 | D:5      | Found a hide-covered altar of Uskayaw.
  3811 | D:5      | Learned a level 4 spell: Sticky Flame
  3833 | D:5      | Noticed Edmund
  3838 | D:5      | Noticed a two-headed ogre
  4073 | D:6      | HP: 10/41 [iguana (11)]
  4289 | D:6      | Reached skill level 5 in Stealth
  4289 | D:6      | Reached skill level 4 in Conjurations
  4297 | D:6      | Identified a scroll of acquirement
  4298 | D:6      | Got a faintly glowing copper ring
  4299 | D:6      | Identified the ring of Cuizyi {rPois rC+ Str+4} (You
                  | acquired it on level 6 of the Dungeon)
  4586 | D:6      | Reached XP level 8. HP: 37/46 MP: 7/13
  4736 | D:6      | HP: 10/46 [phantom (8)]
  4742 | D:6      | HP: 5/46 [bullfrog skeleton (6)]
  4743 | D:6      | HP: 2/46 [bullfrog skeleton (4)]
  4744 | D:6      | Slain by a bullfrog skeleton

Levels and vault maps discovered:
D:1:      minmay_arrival_stair_chambers, layout_basic, nrook_mini_vaults,
          minmay_liquid_box, minmay_cut_off
D:2:      layout_loops_ring, yredelemnul_forgotten_temple_becter,
          lemuel_coloured_pillars_altar, first_ration, minmay_tripent
D:3:      layout_basic, uniq_terence
D:5:      layout_cave_pods, fedhas_altar_1, grunt_gozag_statues,
          nemelex_xobeh_ov_fountains_minmay, minmay_temple_entry_large_hall,
          basic_altar, enter_ossuary_3, uniq_eustachio, uniq_edmund
D:6:      layout_loops_cross, basic_altar, solitary_fountain, minmay_pentangle
Temple:   nicolae_temple_figure_zero

Skill      XL: |  1  2  3  4  5  6  7 |
---------------+----------------------+-----
Stealth        | 3 4 5 |  5.4
Conjurations   | 2 3 4 |  4.5
Fire Magic     | 4 5 |  5.5
Dodging        | 3 |  3.7
Spellcasting   | 3 |  3.5

Action                   |  1- 3 |  4- 6 |  7- 9 || total
-------------------------+-------+-------+-------++-------
Melee: Unarmed           |    50 |    39 |       ||    89
       Constrict         |    18 |    22 |    10 ||    50
       Tentacles         |     9 |     9 |     6 ||    24
       Hand axe          |       |    42 |    40 ||    82
Throw: Dart              |       |     2 |     2 ||     4
 Cast: Flame Tongue      |    29 |    58 |    27 ||   114
       Dazzling Spray    |       |     3 |     3 ||     6
       Conjure Flame     |       |     1 |       ||     1
  Use: Scroll            |     1 |     8 |     3 ||    12
       Potion            |       |     1 |       ||     1
 Stab: Sleeping          |    11 |     7 |     2 ||    20
       Distracted        |       |       |     1 ||     1
  Eat: Chunk             |       |     7 |     3 ||    10
       Ration            |       |     1 |       ||     1
Armor: Skin              |     5 |     4 |     1 ||    10
Dodge: Dodged            |    38 |    70 |    22 ||   130

Levels and vault maps discovered:
D:1:      minmay_arrival_stair_chambers, layout_basic, nrook_mini_vaults,
          minmay_liquid_box, minmay_cut_off
D:2:      layout_loops_ring, yredelemnul_forgotten_temple_becter,
          lemuel_coloured_pillars_altar, first_ration, minmay_tripent
D:3:      layout_basic, uniq_terence
D:5:      layout_cave_pods, fedhas_altar_1, grunt_gozag_statues,
          nemelex_xobeh_ov_fountains_minmay, minmay_temple_entry_large_hall,
          basic_altar, enter_ossuary_3, uniq_eustachio, uniq_edmund
D:6:      layout_loops_cross, basic_altar, solitary_fountain, minmay_pentangle
Temple:   nicolae_temple_figure_zero

Table legend:
 A = Turns spent in this place as a percentage of turns spent in the entire game.
 B = Non-inter-level travel turns spent in this place as a percentage of non-inter-level travel turns spent in the entire game.
 C = Inter-level travel turns spent in this place as a percentage of turns spent in this place.
 D = Turns resting spent in this place as a percentage of non-inter-level travel turns spent in this place.
 E = Turns spent auto-exploring this place as a percentage of non-inter-level travel turns spent in this place.
 F = Non-inter-level travel turns spent in this place divided by the number of levels of this place that you've seen.
                   A       B       C       D       E      F
               +-------+-------+-------+-------+-------+----------------------
         Total | 100.0 | 100.0 |   1.4 |  36.1 |  40.4 | 668.3
       Dungeon |  86.5 |  86.3 |   1.6 |  35.3 |  41.5 | 807.6
        Temple |   2.4 |   2.4 |   0.0 |   0.0 |  92.9 | 112.0
       Ossuary |  11.1 |  11.3 |   0.0 |  50.6 |  20.8 | 528.0
               +-------+-------+-------+-------+-------+----------------------

Table legend:
 A = Kills in this place as a percentage of kills in entire the game.
 B = Kills by you in this place as a percentage of kills by you in the entire game.
 C = Kills by friends in this place as a percentage of kills by friends in the entire game.
 D = Other kills in this place as a percentage of other kills in the entire game.
 E = Experience gained in this place as a percentage of experience gained in the entire game.
 F = Experience gained in this place divided by the number of levels of this place that you have seen.
                   A       B       C       D       E      F
               +-------+-------+-------+-------+-------+----------------------
         Total | 100.0 | 100.0 |   N/A |   N/A | 100.0 | 173.0
       Dungeon |  89.9 |  89.9 |   N/A |   N/A |  84.6 | 205.0
       Ossuary |  10.1 |  10.1 |   N/A |   N/A |  15.4 | 186.0
               +-------+-------+-------+-------+-------+----------------------
